[Event "44th Chess Olympiad Open 2022"]
[Site "Chennai"]
[Date "2022.07.30"]
[Round "2.31"]
[White "Westerberg, Jonathan"]
[Black "Amdouni, Zoubaier"]
[Result "1/2-1/2"]
[WhiteElo "2476"]
[BlackElo "2224"]
[Annotator "TA"]
[PlyCount "60"]
[EventDate "2022.??.??"]
[TimeControl "60"]

1. e4 c5 2. Nc3 Nc6 3. Bb5 g6 4. Bxc6 dxc6 5. d3 Nf6 6. f4 {[%emt 0:00:
00] B23: Closed Sicilian: Lines without g3.} Bg7 7. Nf3 c4 8. dxc4 {[%emt 0:05:06] White
wants to play Qxd8+. White has an edge.} Qxd1+ 9. Kxd1 {
[%emt 0:00:10] [#]} Ng4 $146 ({Predecessor:} 9... Be6 10. e5
Ng4 11. Ke1 Bxc4 12. b3 Be6 13. h3 Nh6 14. Bb2 O-O-O 15. g4 Bd5 {1-0 (52)
Shuvalova,P (2493)-Shtyka,S (2154) Chess.com INT 2022}) 10. Ke2 {[%emt 0:03:37]
Against Nf2} Bxc3 11. bxc3 c5 12. a4 b6 13. a5 {[%emt 0:00:22] [#] And
now axb6 would win.} Ba6 14. axb6 (14. Nd2
$11) 14... axb6 $15 15. Ra4 Nf6 (15... O-O $5 ) 16. e5 Ne4 17. Ke3 {[%emt 0:02:15] Strongly threatening Rxa6.} Bb7 18. Rxa8+ Bxa8 19. Bb2 (19. Bd2 $5) 19... f5 {[%emt 0:03:26] The position
is equal.} 20. Ra1 Kf7 21. Ne1 Bc6 22. Ra6 Rb8 23. Nd3 Bd7 24. g4 Be6 25. Ra4 Rd8 26. Ra6 Rb8 27. Ra4 Rd8 28. Ra6 Rb8 29. Ra4 Rd8 30. Ra6 Rb8 {[%emt 0:00:00] Weighted Error Value:
White=0.08 (flawless) /Black=0.05 (flawless)} 1/2-1/2

[Event "44th Chess Olympiad Open 2022"]
[Site "Chennai"]
[Date "2022.07.30"]
[Round "2.31"]
[White "Boudriga, Mohamed Ali"]
[Black "Blomqvist, Erik"]
[Result "0-1"]
[WhiteElo "2308"]
[BlackElo "2521"]
[Annotator "TA"]
[PlyCount "40"]
[EventDate "2022.??.??"]
[TimeControl "60"]

1. d4 Nf6 2. Nf3 d5 3. g3 c5 4. Bg2 cxd4 5. O-O h6 6. b3 {[%emt 0:00:05] D02:1 d4 d5 2 Nf3 sidelines, including 2...Nf6 3 g3
and 2...Nf6 3 Bf4.} h5 7. Bf4 h4 8. Nxh4 {[%emt 0:07:19] The position is equal.} Nc6 9. Nf3 {[%emt 0:00:07] [#]} (9. c3 $11) 9... Ng4 $146 ({Predecessor:} 9... Rh5 10. h4 e5 11. Bg5 Be7 12. c3
dxc3 13. Nxc3 d4 14. Na4 e4 15. Nd2 e3 16. Bxf6 Bxf6 17. fxe3 {½-½ (44) Lin,
Y (2360)-Plazuelo Pascual,J (2464) Lorca 2021}) 10. Nxd4 (10.
Bg5 $17 {was necessary.}) 10... e5 $19 ({Weaker is} 10... Rxh2
11. f3 e5 12. fxg4 $14) 11. Nxc6 bxc6 12. Bc1 Nxh2 ({Stronger than} 12... Rxh2 13. Bf3 Rh8
14. Nc3 $19) 13. Re1 Bc5 {[%emt 0:00:00] [#] Strongly
threatening ...Qf6.} 14. b4 Bb6 {[%emt 0:00:00] And now ...
Qf6 would win.} 15. Qd3 (15. c4 $142 Bd4 16. Qb3) 15... Ng4 16. e3 Qf6 17. Re2 Bf5 18. Qc3 Be4 {[%emt 0:00:12] Black mates.} 19. f3 Bxf3 20. Bxf3 Qxf3 {[%emt 0:00:15] White got outplayed after the
opening. Weighted Error Value: White=1.09/Black=0.01 (flawless)} 0-1

[Event "44th Chess Olympiad Open 2022"]
[Site "Chennai"]
[Date "2022.07.30"]
[Round "2.31"]
[White "Meddeb, Anis"]
[Black "Berg, Emanuel"]
[Result "1-0"]
[WhiteElo "2121"]
[BlackElo "2533"]
[Annotator "TA"]
[PlyCount "74"]
[EventDate "2022.??.??"]
[TimeControl "60"]

1. e4 c5 2. Nf3 e6 3. d4 cxd4 4. Nxd4 a6 5. Nc3 Qc7 6. Be2 b5 7. O-O Bb7 8. Bf3 d6 9. Re1 {[%emt 0:03:14] 9.Re1 scores better than 9.a4.} Nd7 {[%emt 0:05:11] 
[#] B43: Sicilian: Kan Variation: 5 Nc3.} 10. Bg4 $146 ({Predecessor:} 10. g3 Ngf6 11. Bg2 Be7 12. a3 O-O 13. g4 Nb6 14. g5
Nfd7 15. f4 Rfe8 16. f5 Bf8 17. fxe6 fxe6 {1-0 (36) Onischuk,V (2612)-Hou,Y 
(2671) Bastia 2015}) 10... b4 11. Nd5 exd5
$15 {[%emt 0:00:55] Black is slightly better.} 12. exd5+ Ne7 (12... Be7 $1 {deserves consideration.} 13. Nf5 Ne5) 13. Nc6 (13. Bg5 h5 14. Bxh5 Ne5 $15) ({Better is} 13. c4 $11) 13...
Nf6 14. Bf3 Bxc6 (14... Kd7 $11 {keeps the balance.}) 15. dxc6 $16 {[%emt 0:00:03] And now c4
would win.} d5 16. Bg5 {[%emt 0:02:05] White is more active.}
(16. a3 $16) 16... O-O-O (16... Ne4 $1 $11 17. Bxe4 dxe4 18.
Rxe4 h6) 17. a3 (17. c4 $1 $14) 17... Nxc6 $11 {[%emt 0:04:58]
aiming for ...bxa3.} 18. axb4 Bxb4 19. c3 Bc5 20. Rxa6 Rhe8 21. Rf1 {[%emt 0:01:17] [#]} (21. Rxe8 $11 {remains equal.} Rxe8 22.
Bxf6 gxf6 23. g3 (23. Bxd5 Nb8 $15)) 21... Kb7 (21... Re6 $1
$17 22. Qa4 Nb8) 22. Qa4 $15 Bb6 23. Ra1 {
[%emt 0:01:02] Qb5 is the strong threat.} Ne4 $2 {[%emt 0:02:36] [#] This move
loses the game for Black.} (23... Kc8 $2 24. Qb5 Na7 25. Qxb6 Qxb6 26. Rxb6 $18
) (23... Qd6 $17 24. Kh1 Qc5) 24. Be3 $1 $18 {[%emt 0:02:54] White is clearly
winning.} (24. Bxd8 Qxd8 25. Qb5 (25. Bxe4 dxe4 26. Qc4 e3 $11) 25... Nxf2 $14)
24... Bxe3 25. fxe3 {[%emt 0:00:02] Intending Qb5+ and mate.}
Rd6 26. Qb5+ Kc8 27. Ra8+ Kd7 {[%emt 0:00:01] Hoping for ...Rb8.} 28. R8a7 $1 Rb8 29. Rxc7+ Kxc7 30. Qe2 f5 31. Bxe4 dxe4 32. b4 Rd3 33. Qa2 g6 34. Qf7+ (34. Qc4 $142 Kd7 35. b5)
34... Rd7 35. Qc4 Kb7 36.
Qb5+ Kc7 37. Qc5 Rb6 {
[%emt 0:00:00] Weighted Error Value: White=0.35/Black=0.64} 1-0

[Event "44th Chess Olympiad Open 2022"]
[Site "Chennai"]
[Date "2022.07.30"]
[Round "2.32"]
[White "Albornoz Cabrera, Carlos Daniel"]
[Black "Balogun, Oluwafemi"]
[Result "1-0"]
[WhiteElo "2566"]
[BlackElo "2274"]
[Annotator "ChessBase"]
[PlyCount "61"]
[EventDate "2022.??.??"]
[TimeControl "60"]

1. e4 g6 2. d4 Bg7 3. Nc3 c6 4. Nf3 d6 5. Be3 Nf6 6. Qd2 Bg4 7. h4 Bxf3 8.
gxf3 Nbd7 9. f4 Ng4 10. h5 Rg8 11. hxg6 hxg6 12. Bh3 Nxe3 13. fxe3 e6 14. O-O-O Qa5 15. f5 exf5 16. exf5 O-O-O 17. Rdg1 Bf6 18. fxg6 fxg6 19. Be6 Rge8 20. Bf7 Re7 21. Bxg6 Nb6 22. Rh5 d5 23. Qf2 Nd7 24. Bf5 Rf8 25. e4 Kb8 26. e5 Bg7 27. Rh7 Ref7 28.
Rg5 Bh8 29. Rxf7 Rxf7 30. e6 Qd8 31. Qg3+ 1-0

[Event "44th Chess Olympiad Open 2022"]
[Site "Chennai"]
[Date "2022.07.30"]
[Round "2.32"]
[White "Almeida Quintana, Omar"]
[Black "Adebayo, Adegboyega"]
[Result "1-0"]
[WhiteElo "2523"]
[BlackElo "2313"]
[Annotator "TA"]
[PlyCount "77"]
[EventDate "2022.??.??"]
[TimeControl "60"]

1. d4 e6 2. c4 d5 3. Nf3 c6 4. Qc2 Nf6 5. Bg5 Nbd7 6. cxd5 exd5 7. Nc3 Be7 8.
e3 Nf8 9. h3 Ne6 10. Bh4 g6 11. Bd3 Ng7 12. g4 {[%emt 0:06:04] D36: Queen's Gambit Declined:
Exchange Variation: Main line (5 Bg5 c6 6 Qc2).} Be6 13. O-O-O
{[%emt 0:02:11] [#]} Rc8 $146 ({Predecessor:} 13... Nd7 14.
Bg3 Qa5 15. Ne5 Nxe5 16. Bxe5 f6 17. Bg3 O-O 18. f4 f5 19. h4 c5 {1-0 (37)
Romanov,E (2600)-Fomichenko,E (2462) La Fere 2010}) 14. Kb1 {[%emt 0:00:00]
White is slightly better.} Ne4 15. Bxe4 {[%emt 0:06:35] [#]
Threatens to win with Bxe7.} (15. Nxe4 $2 dxe4 16. Bxe7 exd3 17. Qxc6+ bxc6 $19
) 15... Bxh4 16. Bd3 Be7 17. Ne5 f6 18. Nf3 Bd6 19. e4 O-O 20. exd5 cxd5 21. Qb3 Qa5 22. Nb5 ({But not} 22. Qxb7 $2 Rxc3 23. bxc3 Rb8 24. Qxb8+
Bxb8 $19) 22... Bf4 23. Rhe1 Rfd8 24. Qa3 Qxa3 25. Nxa3 a6 26. Nc2 Bf7 27. Ne3 Ne6 28. h4 Bc7 (28... b5 {feels hotter.} 29. Rh1 Kg7 30. h5 Bc7) 29. Bc2 Nf4 30. Bb3 Re8 31. g5 Ba5 32. Ng4 fxg5 33. Nf6+ {[%emt 0:00:46] Pair of Knights!} Kf8 34. Nxe8 Bxe8 35. Rg1 gxh4 36. Rg4 Nh3 {[%emt 0:00:00] [#]} (36... Bc7 $1 $11 {
and Black is okay.}) 37. Rxh4 $18 Nxf2 38.
Rf1 Ne4 $2 (38... g5) 39. Ng5+ {[%emt 0:00:
41] Weighted Error Value: White=0.08 (flawless) /Black=0.23 (precise)} ({Not} 
39. Ne5+ Kg7 40. Rfh1 Nd2+ 41. Ka1 Nxb3+ 42. axb3 h5 $17) 1-0

[Event "44th Chess Olympiad Open 2022"]
[Site "Chennai"]
[Date "2022.07.30"]
[Round "2.32"]
[White "Kigigha, Bomo"]
[Black "Quesada Perez, Luis Ernesto"]
[Result "0-1"]
[WhiteElo "2251"]
[BlackElo "2549"]
[Annotator "ChessBase"]
[PlyCount "60"]
[EventDate "2022.??.??"]
[TimeControl "60"]

1. Nf3 d5 2. c4 d4 3. b4 f6 4. e3 e5 5. Nxe5 fxe5 6. Qh5+ Ke7 7. b5 c5 8. Qxe5+ Kf7 9. Bb2 Nf6 10. Qf4 Bd6 11. Qh4 Re8 12. Be2 Nbd7 13.
O-O Ne5 14. exd4 Ng6 15. Bh5 Re4 16. f4 Bg4 17. Bxg6+ hxg6 18. Nc3 Rxd4 19. Nd5 Nxd5 20. Qxd8 Rxd8 21. Bxd4 cxd4 22. cxd5 Be2 23. Rfb1 d3 24. Rc1 Bb4 25. Rc7+ Kg8 26. Rxb7 Bxd2 27. Re7 Rxd5 28. Rb1 Bxf4 29. Kf2 Rf5 30. Ke1 Be3 0-1

[Event "44th Chess Olympiad Open 2022"]
[Site "Chennai"]
[Date "2022.07.30"]
[Round "2.32"]
[White "Okeke Issac"]
[Black "Quesada Perez, Yasser"]
[Result "0-1"]
[WhiteElo "2204"]
[BlackElo "2568"]
[Annotator "ChessBase"]
[PlyCount "74"]
[EventDate "2022.??.??"]
[TimeControl "60"]

1. e4 c5 2. Nf3 Nc6 3. d4 cxd4 4. Nxd4 Qb6 5. Nb3 Nf6 6.
Nc3 e6 7. Qe2 Bb4 8. Bd2 O-O 9. a3 Be7 10. O-O-O d5 11. exd5 Nxd5 12. Nxd5 exd5 13. Be3 Qc7 14. f4 Re8 15. Qf3 Bd6 16. Kb1 Qe7 17. Bc1 a5 18. Bb5 Qc7 19. Rxd5 Be6 20. Rdd1 a4 21. Nd4 Nxd4 22. Rxd4 Qb6 23. Qd3 Bc5 24. Bxe8 Bxd4 25. Bb5 g6 26. Rd1 Bf6 27. Be3 Qa5 28. Qe2 Qc7 29. g4 Ra5 30. Bd2 Ra8 31. Be3 Rc8 32. Bxa4 Bxb2 33. Kxb2 Qc3+ 34. Kc1 Qxa3+ 35. Kd2 Qxa4 36. Rc1 Qe4 37. h3 Rd8+ 0-1

[Event "44th Chess Olympiad Open 2022"]
[Site "Chennai"]
[Date "2022.07.30"]
[Round "2.33"]
[White "Dragnev, Valentin"]
[Black "Berend, Elvira"]
[Result "1/2-1/2"]
[WhiteElo "2557"]
[BlackElo "2333"]
[Annotator "ChessBase"]
[PlyCount "84"]
[EventDate "2022.??.??"]
[TimeControl "60"]

1. d4 Nf6 2. c4 e6 3. Nf3 d5 4. Nc3 c5 5. e3 Nc6 6. a3 a6 7. dxc5 Bxc5 8. b4 Ba7 9. Bb2 O-O 10. Qc2 Qe7 11. Rd1 Rd8 12. Be2 dxc4 13. Rxd8+ Nxd8 14. Ne4 Nxe4 15. Qxe4 Bd7 16. Bxc4 Rc8 17. Ne5 Bb5 18. Bxb5 axb5 19. Qd3 f6 20. Nf3 Nf7 21. O-O Nd6 22. Bd4 b6 23. e4 e5 24. Be3 Qe6 25.
h3 Nc4 26. Nh4 g6 27. Rd1 Bb8 28. Qd7 Qxd7 29. Rxd7 Bd6 30. Bxb6 Bf8 31. Bd8 Bg7 32. Be7 Nxa3 33. Bc5 Bf8 34. Bxf8 Rxf8 35. Ra7 Nc2 36. Rb7 Nxb4 37. Rxb5 Nc2 38. Nf3 Rd8 39. Rb6 Kg7 40. Rb7+ Kg8 41. Rb6 Kg7 42. Rb7+ Kg8 1/2-1/2

[Event "44th Chess Olympiad Open 2022"]
[Site "Chennai"]
[Date "2022.07.30"]
[Round "2.33"]
[White "Shengelia, David"]
[Black "Gengler, Pierre"]
[Result "1-0"]
[WhiteElo "2462"]
[BlackElo "2194"]
[Annotator "TA"]
[PlyCount "97"]
[EventDate "2022.??.??"]
[TimeControl "60"]

1. d4 d5 2. Nf3 Nf6 3. Bf4 c6 4. e3 e6 5. Bd3 Nbd7 6. Nbd2 {[%emt 0:00:52] D02:1 d4 d5 2 Nf3 sidelines, including 2...Nf6 3
g3 and 2...Nf6 3 Bf4.} Be7 7. Qe2 {[%emt 0:06:49] [#]} Qb6
$146 ({Predecessor:} 7... c5 8. c3 Nh5 9. Be5 f5 10. h3 Nhf6
11. Bf4 c4 12. Bc2 b5 13. a3 a5 {1-0 (29) Arbutina,S (2329)-Kele,K (2108)
Hungary 2018}) 8. O-O-O {[%emt 0:03:03][%cal Yg2g4] White is slightly better.}
c5 9. c4 $1 Nh5 10. cxd5 (10. Bg5 $14) 10... Nxf4 (10... exd5 $11 11.
dxc5 Nxc5) 11. exf4 $14 {[%emt 0:00:21] aiming for Nc4.} Nf6 (
11... cxd4 $2 12. Nc4 Qa6 13. dxe6 (13. Nxd4 Nc5 $16) 13... Qxe6 14. Qxe6 (14.
Nxd4 Qxe2 15. Bxe2 O-O $16) 14... fxe6 15. Nxd4 $16) ({Better is} 11... exd5
$14 12. Bc2 Qf6) 12. Nc4 Qc7 13. d6 Bxd6 14. Nxd6+ Qxd6 15. Bb5+ ({White should play} 15. Qe5 $14 Qxe5 16. fxe5) 15...
Ke7 16. Qe5 Bd7 17. Qxd6+ Kxd6 18. dxc5+ Ke7 19. Bxd7 Nxd7 20. c6 $1 bxc6 21. Rhe1 (21. f5
$5) 21... g6 22. Nd4 Rhc8 23. f5 c5 $1 {[%emt 0:04:48] [#]} 24. Nxe6 fxe6 25. Rxe6+ Kd8 26. fxg6 hxg6 27. Rxg6 Ke8 28. Rg7 {[%emt 0:04:12] White has compensation.} Ne5 29. Rb7 {[%emt 0:03:26] Hoping for Re1.} Nc6 30. Rd6 {[%emt 0:01:07] And now Rh6 would win.} Nd8 (30... Kf8
$1 $14) 31. Rh7 $1 $16 Kf8 (31... Rab8 $16)
32. f4 {[%emt 0:01:15][%cal Yf2f4,Yf4f5] Strongly threatening f5.} Kg8 33. Rdd7 {[%emt 0:00:50] Black must now prevent g4. White is
much more active. The black rooks are badly placed.} Rc6 34.
f5 Rf6 35. Rdg7+ $1 Kf8 {
[%emt 0:00:13] [#] Black cannot hold the game after this.} 36. g4 $1 ({And not} 36. Rxa7 Rxa7 37. Rxa7 Rxf5 $15)
36... Rf7 (36... Nc6 $16 {keeps fighting.} 37. h4 Ne5) 37.
Rxf7+ $18 Nxf7 {[%emt 0:00:08] Endgame KRN-KR} 38. g5 $1 {
[%emt 0:00:03] Threatens to win with g6.} Kg8 39. g6 Ng5 {[%emt 0:00:00] [#]} (39... Ne5 40. f6 Nxg6 41. Rg7+ Kf8) 40. Re7
$1 Rf8 41. h4 Nf3 42. h5 {[%emt 0:00:00] White wants to mate
with h6. White is clearly winning.} Nh4 43. h6 Rc8 44. Rg7+ Kh8 45. Rh7+ Kg8 46. Rf7 {[%emt 0:00:00] h7+ is the
strong threat.} Kh8 47. g7+ Kg8 48. h7+ $1 {[%emt 0:00:00] Deflection} Kxh7 49. Rf8 {
[%emt 0:00:00] Weighted Error Value: White=0.11 (very precise) /Black=0.33} 1-0

[Event "44th Chess Olympiad Open 2022"]
[Site "Chennai"]
[Date "2022.07.30"]
[Round "2.33"]
[White "Steil-Antoni, Fiona"]
[Black "Blohberger, Felix"]
[Result "1/2-1/2"]
[WhiteElo "2218"]
[BlackElo "2492"]
[Annotator "TA"]
[PlyCount "60"]
[EventDate "2022.??.??"]
[TimeControl "60"]

1. e4 c6 2. d4 d5 3. e5 Bf5 4. g4 Bd7 5. Nc3 e6 6. Be3 {[%emt 0:01:52] B12: Caro-Kann: Advance Variation.} b6
{[%emt 0:15:31] [#]} 7. h4 $146 ({Predecessor:} 7. Qd3 c5 8.
O-O-O Nc6 9. f4 cxd4 10. Bxd4 Nxd4 11. Qxd4 Ne7 12. Nf3 h5 13. f5 {1-0 (28)
Bartakovic,T (2108)-Vlaic,B (2265) Sibenik 2011}) 7... c5 8.
Nce2 {[%emt 0:02:08] White has an edge.} Nc6 9. f4 h5 10. g5 Nge7 11.
Bh3 cxd4 12. Nxd4 Nxd4 13. Qxd4 Rc8 14. Qd3 d4 (14... Ng6 $11) 15. Bxd4 $14 Bc6 16. Rh2 Nf5 (16... Ng6 $2 17. Bxe6 $1 Nxf4 18. Bxf7+ $1 Ke7 19. Qd2 (19.
Qc4 Be8 $11) 19... Kxf7 20. Qxf4+ Kg8 21. e6 $18) (16... Qd5 $16 {is a better
defense.}) 17. Bxf5 $18 exf5 18. Qxf5 {[%emt 0:00:00] Hoping
for 0-0-0.} Be7 19. O-O-O O-O 20. Bc3 Qe8 21. e6 fxe6 22. Qxe6+ ({Much less strong is} 22. Qe5 Qg6 $16) 22... Qf7 {[%emt 0:00:
00] [#]} 23. Qxf7+ Rxf7 24. Be5 Bc5 25. Rh3 ({White should play} 25. b3
$16) 25... Be4 $14 {[%emt 0:02:40] This bishop pair is nice.} 26. Rc3 (26. Re1 $1 $14) 26... Be3+ $1 $11 27. Rxe3 Bxc2 (27... Rxc2+ $11 28. Kb1 Rd2+ 29. Kc1 Rc2+ 30.
Kb1 Rd2+ 31. Kc1 Rc2+) 28. Kd2 $4 (28. Rd6 $18 {avoids the
disaster.}) 28... Be4 $4 29. Ke1 Bc2 30. Rd2 Be4 {[%emt 0:00:30] Weighted Error
Value: White=0.77/Black=0.35. An unexpected result.} 1/2-1/2

[Event "44th Chess Olympiad Open 2022"]
[Site "Chennai"]
[Date "2022.07.30"]
[Round "2.33"]
[White "Schartz, Alain"]
[Black "Horvath, Dominik"]
[Result "0-1"]
[WhiteElo "2086"]
[BlackElo "2488"]
[Annotator "ChessBase"]
[PlyCount "72"]
[EventDate "2022.??.??"]
[TimeControl "60"]

1. e4 c5 2. Nf3 Nc6 3. c3 Nf6 4. e5 Nd5 5. d4 cxd4 6. cxd4 d6 7. Bc4 dxe5 8. Nxe5 Be6 9. O-O g6 10. Bb5 Rc8 11. Qa4 a6 12. Bxc6+ bxc6 13. Nc3 Bg7 14. Nxd5 Qxd5 15. Be3 O-O 16. b4 Qb5 17. Qxb5 cxb5 18. a4 Rc3 19. axb5 axb5 20. Ra7 Re8 21. Rb7 f6 22. Nf3 Rb3 23.
Bd2 Bd5 24. Rb6 g5 25. Rc1 Bc4 26. h3 h5 27. Ne1 Ra8 28. Nf3 Ra2 29. Be1 Rd3 30. Rb8+ Kf7 31. Rd8 Bh6 32. Rb1 g4 33. hxg4 hxg4 34. Nh4 Rda3 35. Nf5 Bg5 36. Kh2 Bd3 0-1

[Event "44th Chess Olympiad Open 2022"]
[Site "Chennai"]
[Date "2022.07.30"]
[Round "2.34"]
[White "Gazik, Viktor"]
[Black "Wong, Yinn Long"]
[Result "1/2-1/2"]
[WhiteElo "2544"]
[BlackElo "2381"]
[Annotator "TA"]
[PlyCount "99"]
[EventDate "2022.??.??"]
[TimeControl "60"]

1. e4 c5 2. Nf3 Nc6 3. Bb5 d6 4. O-O Bd7 5. Re1 Nf6 6. h3 e6 {[%emt 0:00:41] [#] B51: Sicilian: Moscow
Variation (3 Bb5+) without 3...Bd7.} 7. a4 $146 ({Predecessor:
} 7. c3 Be7 8. d4 cxd4 9. cxd4 d5 10. e5 Ne4 11. Bf1 O-O 12. Nbd2 Nxd2 13. Bxd2
Rc8 14. a3 Na5 15. Bd3 Nc4 16. Bc1 h6 17. Bc2 Bb5 18. Qd3 g6 19. Qd1 Qc7 20.
Bd3 Rfe8 21. b3 {1-0 (21) Carlsen,M (2850)-Akopian,V (2648) Berlin 2015}) 7...
Be7 8. b3 a6 9. Bf1 O-O 10. Bb2 d5 11. e5 Ne8 12. d4 g6 13. c4 dxc4 14. dxc5 Bxc5 15. Nc3 {[%emt 0:00:21] aiming for Qd2.}
Na5 16. Ne4 ({Reject} 16. bxc4 {[#]} Bxf2+ $1
17. Kxf2 Qb6+ 18. Kg3 Qxb2 $15) 16... Be7 (16... Bb4 $11 17.
bxc4 Bc6) 17. bxc4 $14 {[%emt 0:00:24][%cal Ye4f6] Strongly threatening Nf6+!}
Bc6 18. Nfd2 {[%emt 0:03:29] White is more active.} b6 19. Qg4 Qc7 20. Nf6+ (20. Qf3 $14) 20... Nxf6 $11 21. exf6 Bb4 {[%emt 0:01:19] [#]} ({Black should play} 21... Bd6 $1 $11)
22. Ne4 $1 Bxe4 23. Rxe4 Rfd8 24. Qh4 Nb7 (24... Qc5
$5 ) 25. c5 Bxc5 26. Rc1 Qd6 $1 27. Bc4 {[%emt 0:02:14][%cal Ye4e6]
And now Rxe6! would win.} Re8 (27... Qd2 $5 28.
Re2 Qd7 $15) 28. Rce1 {[%emt 0:00:02][%cal Yc4e6] Hoping for Bxe6!} Qf8 (28... Qd2 $5 29. R1e2 Qd1+ 30. Re1 Qc2 $17) 29.
Rxe6 $1 Nd6 (29... fxe6 $2 30. Rxe6 Rxe6 31.
Bxe6+ Kh8 32. f7+ Qg7 33. Bxg7+ Kxg7 34. Qe4 $18) 30. R6e2 Nxc4 31. Qxc4 a5 32. Qb5 {[%emt 0:00:49][%cal Re2e8] The position is equal.} Rxe2 33. Rxe2 Rd8 34. g3 Qd6
{[%emt 0:00:43] ( -> ...Qxg3+)} 35. Kh2 Qf8 36. Kg2 Qd6 37. Re8+ Rxe8 38. Qxe8+ {[%emt 0:00:02] Endgame KQB-KQB} Qf8 39. Qc6 Qd8 40. g4 h6 41. Bc3 Kh7 42. Qe4 Bb4 43. Bd4 Bc5 44.
Bxc5 bxc5 {[%emt 0:00:06] KQ-KQ} 45. Qe7 Qd5+ 46. Kg1 Qd1+ 47. Kh2 Qd5 48. Kg1 {[%emt 0:03:20] Qf8 would kill
now.} Qd1+ 49. Kh2 Qd5 50.
Kg1 {[%emt 0:00:23] Weighted Error Value: White=0.09 (flawless) /Black=0.09 
(flawless)} 1/2-1/2

[Event "44th Chess Olympiad Open 2022"]
[Site "Chennai"]
[Date "2022.07.30"]
[Round "2.34"]
[White "Ftacnik, Lubomir"]
[Black "Poh, Yu Tian"]
[Result "0-1"]
[WhiteElo "2483"]
[BlackElo "2118"]
[Annotator "TA"]
[PlyCount "114"]
[EventDate "2022.??.??"]
[TimeControl "60"]

1. d4 Nf6 2. Nf3 g6 3. c4 Bg7 4. Nc3 d5 5. cxd5 Nxd5 6. e4 Nxc3 7. bxc3 c5 8. h3 Nc6 {[%emt 0:01:00][%cal Rc5d4] D85: Exchange
Grünfeld: Unusual White 7th moves and lines with 7 Nf3.} 9. Be3 cxd4 10. cxd4 f5 {[%emt 0:00:10] [#]
The position is equal.} 11. exf5 $146 ({Predecessor:} 11. Bd3
fxe4 12. Bxe4 Bf5 13. Bxf5 Qa5+ 14. Ke2 gxf5 15. Qd3 O-O 16. Rhc1 Rad8 17. Qc4+
{½-½ (31) Svidler,P (2739)-Sutovsky,E (2637) Caleta 2015}) 11... Qa5+ 12. Bd2 $1 Qxf5 13. Rc1 Be6 (13... Nxd4 $2 14. Nxd4 Qe5+ 15. Be3 Qa5+
16. Qd2 Qxd2+ 17. Kxd2 $18) 14. Rc5 Bd5 $1 15. Bc4 (15. Be3 $11 {might be stronger.}) 15... Qe6+ $1 $15 16. Qe2 Qxe2+ 17. Kxe2 Bxf3+ 18. gxf3 Nxd4+ 19. Ke3 Rd8 20. Rd5 Nf5+ 21. Ke2 Rxd5 22. Bxd5 {[%emt 0:00:05] A strong pair of Bishops.} b6 23. Rc1 Kd7 {[%emt 0:02:20] Against Rc7+} 24. Bc6+ Ke6 25. Be3 Bd4 26. Ba4 Rd8 27. Rc7 a5 28. Rb7 Kf6 29. f4 Rd6 30. Bb3 h5 31. Rb8 e6 (31... Bc5 $5 ) 32. Rb7 {[%emt 0:00:
00] Black continues to play with concentration.} Bc5 33. Ba4 Bxe3 34. fxe3 $17 {[%emt 0:00:11] Endgame
KRB-KRN} e5 35. Bb3 $2 (35. fxe5+ $17 Kxe5
36. Rb8) 35... exf4 $19 36. exf4 {[%emt 0:00:08][%csl Gb3]
[%cal Rb7f7] [#]} Nd4+ 37. Ke3 Nxb3 38. axb3 {[%emt 0:00:01] KR-KR} g5 39. fxg5+ (39. Rc7 g4 40. hxg4 hxg4 41. b4) 39... Kxg5 40. Kf2 Kh4 41. Kg2 Kg5 42. Kf2 $1 Kf4 43. Rb8 Ke4 44. Ke2 Kd4 {
[%emt 0:00:00] [#] Threatens to win with ...Kc3.} 45. Kd2 (45.
Rc8 $142) 45... Rg6 (45... Rf6 $142 46. h4 Kc5) 46. Rd8+ $2 (46. h4 {was the only defense.}) 46... Kc5 {[%emt 0:00:00]
White must now prevent ...Rd6+. Black is clearly winning.} 47. Rh8 (47. Kc3 $142) 47... Rg5 (47... Kb4 $142 48. Rxh5 Rg3)
48. h4 (48. Kc3 $142 Rg3+ 49. Kb2 Rxh3 50. Rf8) 48... Rf5 {
[%emt 0:00:00] Strongly threatening ...Kb4.} 49. Rh6 b5 {
[%emt 0:00:00] aiming for ...Kb4.} 50. Kc3 Rf3+ 51. Kc2 Kb4 52. Rxh5 Rc3+ 53. Kd2 Rxb3 54. Rg5 Rh3 55. h5 a4 {[%emt 0:00:00]
[%cal Ya5a4,Ya4a3] ( -> ...a3)} 56. Kc2 Rh2+ 57. Kb1 a3 {[%emt 0:00:00] Weighted Error Value: White=0.85/
Black=0.32} 0-1

[Event "44th Chess Olympiad Open 2022"]
[Site "Chennai"]
[Date "2022.07.30"]
[Round "2.34"]
[White "Lim, Zhuo Ren"]
[Black "Pechac, Jergus"]
[Result "0-1"]
[WhiteElo "2318"]
[BlackElo "2594"]
[Annotator "TA"]
[PlyCount "72"]
[EventDate "2022.??.??"]
[TimeControl "60"]

1. d4 Nf6 2. Nf3 d5 3. c4 e6 4. Nc3 Bb4 5. Qa4+ Nc6 6. e3 O-O 7. Bd2 dxc4 {[%emt 0:00:12] D38: Queen's
Gambit Declined: Ragozin Defence (4 Nf3 Bb4).} 8. Bxc4 Bd6 9. Qc2 e5 {[%emt 0:00:07] The position is
equal.} 10. dxe5 Nxe5 11. Nxe5 Bxe5 12. f4 Bxc3 13.
Bxc3 g6 $5 {[%emt 0:00:04] [#] An interesting side line.} 14.
Rd1 $146 ({Predecessor:} 14. e4 Re8 15. Bd3 Nxe4 16. Bxe4 Bf5
17. Be5 Bxe4 18. Qxe4 f6 19. O-O fxe5 20. fxe5 {½-½ (40) Xiong, J (2700)
-Caruana,F (2800) Saint Louis 2021}) 14... Qe7 15. Bxf6 Qxf6 16. O-O Bg4 17. Rde1 Rad8 18. h3 Bd7 19. e4 Qd4+ 20. Kh2 Bc6 21. Re2 Kg7 22. Rf3 Rfe8 23. Rd3 Qf6 24. Rxd8 (24. Rf3 {with more complications.} Rd4 25. e5 Qf5 26. Bd3) 24... Rxd8 25. g3 Rd4 26. Bd5 (26. h4 $11 {was preferrable.}) 26... Bxd5 $17 27.
exd5 {[%emt 0:00:02] Endgame KQR-KQR} Qd6 ({Don't play} 27...
Rxd5 $6 28. Qxc7 b6 29. Qxa7 $11) 28. Qc3 Qxd5 29. Qxc7 h5 (29... Rc4 {seems wilder.} 30.
Qe7 Rc1 31. Rg2 h5) 30. Qc3 {[%emt 0:08:56] [#] Black must now prevent Rd2.}
Kh7 $40 {[%emt 0:00:34] Black attacks.} 31. Qb3 $2 {[%emt 0:00:42] White does
not recover from this.} (31. Qc7 $15) 31... Qxb3 $19 32. axb3 Rd3 33. h4 $2 (33. b4 {
only move.}) 33... Rxb3 34. Kh3 $2 {[%emt 0:00:08] [#]} (34.
Rf2) 34... Kg7 {[%emt 0:00:00] Black is clearly winning.} 35. Rf2 Kf6 36. Re2 a5 {[%emt 0:00:13] Weighted
Error Value: White=0.36/ Black=0.04 (flawless)} 0-1